 Dungeon Crawl Stone Soup version 0.25.1-8-g42b30a86e7 (webtiles) character file.

Game seed: 2206469836698953930

400393 gruber the Gelid (level 22, -10/153 HPs)
             Began as a Demonspawn Ice Elementalist on Dec 20, 2020.
             Was the Champion of Vehumet.
             Hit by a large rock thrown by a stone giant (20 damage)
             ... on level 5 of the Depths on Dec 21, 2020.
             The game lasted 01:53:45 (50276 turns).

gruber the Gelid (Demonspawn Ice Elementalist)     Turns: 50276, Time: 01:53:45

Health: -10/153    AC: 14    Str: 12    XL:     22   Next: 55%
Magic:  0/49       EV: 25    Int: 32    God:    Vehumet [******]
Gold:   4125       SH:  0    Dex: 14    Spells: 12/55 levels left

rFire    + + .     SeeInvis .   f - +6 Majin-Bo {vamp, Archmagi MP+6 Int+6}
rCold    + + .     Gourm    .   (shield currently unavailable)
rNeg     . . .     Faith    .   Q - +0 troll leather armour
rPois    .         Spirit   +   (helmet unavailable)
rElec    +         Reflect  .   b - scarf {rC+ rF+}
rCorr    .         Harm     .   A - +1 pair of gloves {Str+3}
MR       +....                  F - +2 pair of boots
Stlth    ++........             W - amulet of the Air {Inacc +Fly rElec EV+5 RMsl}
HPRegen  0.75/turn              C - +4 ring of evasion
MPRegen  0.62/turn              Z - ring of wizardry

@: very slightly contaminated, studying Long Blades, repel missiles
A: horns 3, molten scales 3, cold resistance 1, powered by death 3, magic
shield, magic regeneration, magic link
}: 1/15 runes: barnacled
a: Renounce Religion, Evoke Flight


You were on level 5 of the Depths.
You worshipped Vehumet.
Vehumet was exalted by your worship.
You were not hungry.

You visited 8 branches of the dungeon, and saw 41 of its levels.
You also visited: Sewer.

You collected 6633 gold pieces.
You spent 2508 gold pieces at shops.

Inventory:

Hand Weapons
 f - the +6 Majin-Bo (weapon) {vamp, Archmagi MP+6 Int+6}
   (You found it on level 3 of the Depths)

   It inflicts no extra harm, but heals its wielder when it wounds a living foe.
   It affects your intelligence (+6).
   It affects your magic capacity (+6).
 y - the +10 flail "Oviuhi" {vorpal, rN++}
   (You bought it in a shop on level 12 of the Dungeon)

   It inflicts extra damage upon your enemies.
   It greatly protects you from negative energy.
Armour
 b - a scarf of resistance (worn)
 A - a +1 pair of gloves of strength (worn)
 F - a +2 pair of boots (worn)
 M - a +2 kite shield of protection
 Q - a +0 troll leather armour (worn)
Jewellery
 a - an uncursed ring of protection from cold
 j - an uncursed ring of poison resistance
 p - an uncursed ring of see invisible
 C - a +4 ring of evasion (left hand)
 N - an uncursed ring of positive energy
 W - the amulet of the Air (around neck) {Inacc +Fly rElec EV+5 RMsl}
   (You found it on level 14 of the Dungeon)

   [amulet of inaccuracy]

   It reduces the accuracy of all your attacks.
   It affects your evasion (+5).
   It insulates you from electricity.
   It lets you fly.
   It protects you from missiles.
 Z - a ring of wizardry (right hand)
Wands
 i - a wand of iceblast (7)
 t - a wand of digging (8)
 B - a wand of random effects (35)
 E - a wand of enslavement (59)
 H - a wand of paralysis (7)
 J - a wand of acid (9)
 K - a wand of polymorph (14)
 T - a wand of clouds (16)
 U - a wand of disintegration (40)
Scrolls
 d - a scroll of enchant armour
 e - 25 scrolls of remove curse
 h - 7 scrolls of fear
 m - 5 scrolls of blinking
 q - 3 scrolls of magic mapping
 s - 17 scrolls of teleportation
 v - 2 scrolls of enchant weapon
 G - 4 scrolls of fog
 L - a scroll of summoning
 O - a scroll of acquirement
 S - 11 scrolls of identify
 V - 3 scrolls of silence
 Y - 5 scrolls of holy word
Potions
 g - 7 potions of stabbing
 k - 9 potions of curing
 n - 3 potions of heal wounds
 o - 5 potions of ambrosia
 r - 5 potions of flight
 u - 5 potions of haste
 w - 3 potions of berserk rage
 x - 5 potions of cancellation
 D - 3 potions of invisibility
 I - 2 potions of magic
 P - 3 potions of resistance
 R - 9 potions of brilliance
 X - 4 potions of might
Books
 z - a manual of Long Blades
Comestibles
 c - 70 rations


   Skills:
 - Level 8.3 Fighting
 - Level 5.0(7.6) Maces & Flails
 * Level 8.8(9.4) Staves
 - Level 7.3 Armour
 - Level 8.1 Dodging
 - Level 1.7 Stealth
 - Level 13.0 Shields
 - Level 0.3 Unarmed Combat
 - Level 17.1 Spellcasting
 - Level 10.0 Conjurations
 - Level 4.3 Summonings
 - Level 6.0 Translocations
 - Level 10.6 Fire Magic
 - Level 18.7 Ice Magic
 - Level 10.0 Earth Magic
 - Level 10.1 Evocations


You had 12 spell levels left.
You knew the following spells:

 Your Spells              Type           Power        Failure   Level  Hunger
a - Freeze                Ice            ####         0%          1    None
b - Frozen Ramparts       Ice            ######       0%          3    None
c - Hailstorm             Conj/Ice       ########     1%          4    None
d - Summon Ice Beast      Ice/Summ       ########     1%          4    None
e - Searing Ray           Conj           ######       1%          2    None
f - Freezing Cloud        Conj/Ice/Air   #######...   1%          6    #......
g - Ozocubu's Refrigerat  Ice            ########..   1%          6    #......
h - Iron Shot             Conj/Erth      #######...   1%          6    #......
i - Ignition              Fire           #######...   16%         8    ######.
j - Recall                Summ/Tloc      N/A          1%          3    None

Your spell library contained the following spells:

 Spells                   Type           Power        Failure   Level  Hunger
 Shatter                  Erth           #######...   90%         9    #######
 Tornado                  Air            #####.....   100%        9    #######
 Apportation              Tloc           ######       1%          1    None
 Beastly Appendage        Tmut           #####.       1%          1    None
 Corona                   Hex            #####..      1%          1    None
 Foxfire                  Conj/Fire      ####         1%          1    None
 Sandblast                Erth           ######       1%          1    None
 Shock                    Conj/Air       ####         1%          1    None
 Summon Butterflies       Summ           ######..     1%          1    None
 Summon Small Mammal      Summ           ####         1%          1    None
 Call Imp                 Summ           ######..     1%          2    None
 Ensorcelled Hibernation  Hex/Ice        ######       1%          2    None
 Passwall                 Tmut/Erth      ######..     1%          2    None
 Poisonous Vapours        Pois/Air       #####.       1%          2    None
 Sticks to Snakes         Tmut           #####...     1%          2    None
 Swiftness                Chrm/Air       #####...     1%          2    None
 Call Canine Familiar     Summ           ######..     1%          3    None
 Conjure Flame            Conj/Fire      #######.     1%          3    None
 Dazzling Flash           Conj/Hex       ######       1%          3    None
 Gell's Gravitas          Tloc           #######...   1%          3    None
 Inner Flame              Hex/Fire       #######.     1%          3    None
 Lesser Beckoning         Tloc           #######...   1%          3    None
 Mephitic Cloud           Conj/Pois/Air  ######..     1%          3    None
 Ozocubu's Armour         Chrm/Ice       #######.     1%          3    None
 Portal Projectile        Hex/Tloc       ######       1%          3    None
 Static Discharge         Conj/Air       ######..     1%          3    None
 Stone Arrow              Conj/Erth      ######       1%          3    None
 Summon Guardian Golem    Hex/Summ       ######..     1%          3    None
 Ice Form                 Ice/Tmut       #######.     1%          4    None
 Petrify                  Tmut/Erth      ######..     1%          4    None
 Sticky Flame             Conj/Fire      #######.     1%          4    None
 Fireball                 Conj/Fire      #######...   1%          5    None
 Lee's Rapid Deconstruct  Erth           #######...   1%          5    None
 Lightning Bolt           Conj/Air       ######....   1%          5    None
 Metabolic Englaciation   Hex/Ice        #######...   1%          5    None
 Confusing Touch          Hex            #####...     2%          3    None
 Spider Form              Tmut/Pois      #####.....   2%          3    None
 Tukima's Dance           Hex            #####...     2%          3    None
 Airstrike                Air            #####.....   2%          4    None
 Summon Forest            Summ/Tloc      ######....   2%          5    None
 Simulacrum               Ice/Necr       #######...   2%          6    #......
 Summon Lightning Spire   Summ/Air       ######..     3%          4    None
 Aura of Abjuration       Summ           ######....   3%          5    None
 Summon Demon             Summ           ######....   3%          5    None
 Summon Mana Viper        Hex/Summ       ######..     9%          5    None
 Dispersal                Tloc           #######...   9%          6    #......
 Shadow Creatures         Summ           N/A          19%         6    #......
 Alistair's Intoxication  Tmut/Pois      #####...     21%         5    None
 Blade Hands              Tmut           #####.....   21%         5    None
 Ring of Flames           Chrm/Fire      #######...   52%         7    ####...
 Invisibility             Hex            #####...     69%         6    #......
 Controlled Blink         Tloc           N/A          98%         8    ######.
 Disjunction              Tloc           #######...   98%         8    ######.


Dungeon Overview and Level Annotations

Branches:
Dungeon (15/15)            Temple (1/1) D:5            Lair (6/6) D:9
 Shoals (4/4) Lair:3        Snake (4/4) Lair:2        Slime (0/5) Lair:5
    Orc (2/2) D:9             Elf (0/3) Orc:2        Vaults (4/5) D:14
  Crypt (0/3) Vaults:2     Depths (4/5) D:15          Sewer (visited)

Altars:
Ashenzari
Cheibriados
Dithmenos
Elyvilon
Fedhas
Gozag
Hepliaklqana
Kikubaaqudgha
Makhleb
Nemelex Xobeh
Okawaru
Qazlal
Ru
Sif Muna
Trog
Uskayaw
Vehumet
Wu Jian
Xom
Yredelemnul
Zin
The Shining One
Jiyva

Shops:
D:4 ?   D:5 (   D:6 [   D:7 [   D:8 ?   D:11 %   D:12 %([?=   Orc:2 =(*[
Shoals:1 [

Portals:
Hell: Depths:1 Depths:2 Depths:3
Pandemonium: Depths:2 Depths:3
Trove: D:15 (give 16 scrolls of teleportation)

Annotations:
D:7 2 runed translucent doors, gruber's ghost, amateur DsBe
D:12 3 runed translucent doors, TotesWizzard's ghost, journeyman DsBe
Shoals:3 1 runed translucent door, ioannis32's ghost, adept DsBe
Snake:4 Mara
Depths:4 exclusion: 2 obsidian statues


Innate Abilities, Weirdness & Mutations

You have a pair of large horns on your head.
You are completely covered in molten scales. (AC +4, rF+)
Your flesh is cold resistant. (rC+)
You regenerate a lot of health from kills.
When hurt, damage is shared between your health and your magic reserves.
You regenerate magic rapidly.
When low on magic, you restore magic in place of health.


Message History

The shaft crumbles and collapses.
A stone giant comes into view.
The stone giant shouts!
A spriggan defender comes into view.
It is wielding a +6 demon whip of venom.
The spriggan defender shouts!
A spriggan defender comes into view.
It is wielding a +2 lajatang of protection.
The spriggan defender shouts!
A spriggan rider comes into view. It is wielding a -1 spear.
The spriggan rider shouts!
A spriggan rider comes into view. It is wielding a +0 spear.
The spriggan rider shouts!
A stone giant comes into view.
The stone giant shouts!
Found 27 gold pieces.
A spriggan rider comes into view. It is wielding a +0 spear.
Blink to where?
Press: ? - help, Dir - move target cursor
As you read the scroll of blinking, it crumbles to dust.
The stone giant throws a large rock.
The large rock hits you!!
You die...

###############
#@.....ยง......#
#.......i.C.i.#
#......i......#
#.............#
#..........i..#
#.C...........#
#.$.........i.#
#.............#


You could see a stone giant, a spriggan defender and a spriggan rider.

Vanquished Creatures
  A juggernaut (Depths:3)
  Vashnia (Snake:3)
  Nikola (Snake:3)
  2 liches
  A tentacled monstrosity (Depths:3)
  A titan (Depths:2)
  A storm dragon (Depths:4)
  Kirke (Lair:6)
  Donald (Vaults:1)
  A tengu reaver (Depths:2)
  11 nagarajas
  3 frost giants
  7 fire giants
  Aizul (Snake:3)
  Louise (Snake:3)
  An iron dragon (Depths:1)
  2 deep elf sorcerers (Vaults:4)
  2 orc warlords
  14 vault wardens
  A spriggan defender (Depths:3)
  6 war gargoyles
  15 very ugly things
  14 stone giants
  3 entropy weavers
  17 ironheart preservers
  5 deep elf demonologists
  2 vampire knights
  4 deep elf annihilators
  6 spark wasps
  4 merfolk javelineers (Shoals:4)
  3 deep elf death magi (Vaults:4)
  10 crystal guardians (Depths:4)
  An eidolon (Vaults:2)
  11 yaktaur captains
  8 ettins
  6 fire dragons
  4 merfolk impalers
  3 jiangshi (Depths:2)
  3 great orbs of eyes
  9 naga warriors
  5 ice dragons
  4 rakshasas
  2 catoblepae (shapeshifter) (Depths:4)
  11 vault guards
  5 spriggan air magi (Depths:2)
  4 merfolk avatars
  5 hydras
  2 catoblepae (Depths:1)
  12 anacondas
  A two-headed ogre (shapeshifter) (Depths:3)
  13 centaur warriors
  A queen ant (shapeshifter) (Depths:4)
  An anaconda (shapeshifter) (Vaults:2)
  4 satyrs
  34 two-headed ogres
  A deep troll shaman (Depths:1)
  An alligator snapping turtle (Shoals:3)
  5 merfolk aquamancers
  4 death knights
  2 deep troll earth magi (Depths:1)
  15 ogre magi
  5 tengu warriors
  9 dancing weapons (Depths:4)
  3 spriggan berserkers
  20 naga sharpshooters
  4 vampire magi
  5 orc high priests (Orc:2)
  5 shock serpents
  11 deep elf knights
  2 shadow wraiths
  A sixfirhy (Depths:2)
  7 skeletal warriors
  A hell knight (Vaults:4)
  3 salamander mystics
  13 sea snakes
  An unseen horror (Vaults:1)
  A death drake (shapeshifter) (Depths:3)
  An unseen horror (shapeshifter) (Vaults:1)
  3 flayed ghosts
  5 glowing orange brains (Depths:4)
  7 naga ritualists
  A harpy (shapeshifter) (Depths:4)
  10 wizards
  13 ironbrand convokers
  6 deep trolls
  5 phantasmal warriors
  25 harpies
  12 orc knights
  A wolf spider zombie (D:13)
  5 deep elf archers
  A necromancer (D:15)
  A wolf spider (Vaults:1)
  10 mana vipers
  41 ugly things
  An orb spider (shapeshifter) (Vaults:3)
  23 fauns
  6 orc sorcerers
  A shining eye (shapeshifter) (Depths:4)
  14 manticores
  14 deep elf magi
  A cyclops (shapeshifter) (Depths:1)
  A salamander (shapeshifter) (Vaults:4)
  11 salamanders
  8 cyclopes
  5 centaur zombies
  3 elephants (Lair:3)
  10 merfolk sirens
  Maurice (D:11)
  An eye of devastation (shapeshifter) (Vaults:3)
  2 molten gargoyles (Depths:4)
  4 guardian serpents
  10 vault sentinels
  5 water nymphs
  9 naga magi
  4 spiny frogs
  A torpor snail (shapeshifter) (Depths:4)
  42 black mambas
  2 guardian serpents (shapeshifter)
  Maggie (D:6)
  6 gargoyles
  21 yaktaurs
  A tormentor (Depths:2)
  6 komodo dragons
  8 freezing wraiths
  A kobold demonologist (D:11)
  A komodo dragon (shapeshifter) (Depths:4)
  An ice devil (Depths:2)
  A yaktaur skeleton (D:15)
  12 trolls
  A hellwing (Depths:2)
  6 wind drakes
  A meliai (shapeshifter) (Depths:3)
  A tengu conjurer (Depths:2)
  A merfolk (shapeshifter) (Depths:2)
  2 polar bears
  3 meliai (D:15)
  30 merfolk
  2 wind drakes (shapeshifter)
  21 slime creatures
  A hornet (shapeshifter) (Depths:4)
  3 raiju (Depths:4)
  Prince Ribbit (D:7)
  2 blink frogs (shapeshifter) (Vaults:1)
  3 hornets
  A slime creature (shapeshifter) (Depths:4)
  A shadow dragon simulacrum (Vaults:3)
  An ettin zombie (D:15)
  5 dream sheep (Lair:5)
  A hippogriff (shapeshifter) (D:11)
  A dream sheep (shapeshifter) (Depths:4)
  5 hippogriffs
  17 blink frogs
  3 air elementals (Depths:4)
  12 snapping turtles
  A snapping turtle (shapeshifter) (Depths:3)
  4 tarantellas
  7 spriggans
  2 shadows
  A redback (Vaults:3)
  A tarantella (shapeshifter) (Vaults:1)
  3 hogs (Lair:6)
  A human (shapeshifter) (Depths:4)
  8 fire elementals (Depths:4)
  22 water elementals
  3 wyverns
  23 yaks
  4 wraiths
  A steam dragon (D:9)
  A hungry ghost (D:13)
  A basilisk (Lair:2)
  4 vampire mosquitoes (D:12)
  A chaos spawn (Depths:2)
  41 nagas
  A soldier ant (shapeshifter) (Vaults:4)
  2 acid dragons
  A swamp worm (shapeshifter) (Depths:4)
  7 porcupines
  2 insubstantial wisps (Depths:4)
  8 wargs
  18 water moccasins
  A nameless horror (D:6)
  A floating eye (Depths:3)
  Purgy (Sewer)
  47 orc warriors
  5 sky beasts
  5 ice beasts
  3 black bears
  2 necrophages
  2 eyes of draining
  32 ogres
  A phantom (D:9)
  4 boggarts (Lair:6)
  11 centaurs
  18 wolves
  A crocodile (shapeshifter) (Depths:2)
  4 crocodiles
  3 big kobolds
  17 earth elementals
  15 bullfrogs
  2 ogre simulacra (Vaults:1)
  3 scorpions
  17 wights
  A howler monkey (D:6)
  An electric eel (Lair:3)
  2 lava snakes (Snake:1)
  6 crimson imps
  A quasit (D:13)
  A bullfrog zombie (D:12)
  6 hounds
  2 jellies
  39 orc wizards
  18 orc priests
  Crazy Yiuf (D:6)
  4 centaur skeletons
  5 iguanas
  2 bullfrog skeletons
  12 worker ants
  2 hound skeletons (D:4)
  A howler monkey zombie (D:9)
  A worker ant zombie (D:8)
  4 gnolls
  19 adders
  A river rat (D:4)
  5 shadow imps
  An ufetubus (Vaults:1)
  3 oozes
  2 adder skeletons
  An adder zombie (D:7)
  4 worms
  3 ball lightnings (Depths:4)
  13 dart slugs
  6 leopard geckos
  149 orcs
  10 ball pythons
  24 bats
  7 giant cockroaches
  13 goblins
  17 hobgoblins
  7 jackals
  5 quokkas
  2 frilled lizards
  A jackal skeleton (D:5)
  18 kobolds
  A leopard gecko zombie (D:5)
  12 rats
  114 plants
  15 withered plants (D:15)
1846 creatures vanquished.

Vanquished Creatures (collateral kills)
  2 hydras
  2 two-headed ogres (Orc:1)
  A titan skeleton (D:15)
  A deep elf mage (Vaults:3)
  2 orc knights (Orc:2)
  An orc sorcerer (Orc:1)
  2 cyclopes (D:11)
  A spriggan zombie (D:15)
  A centaur zombie (D:10)
  A spiny frog (Lair:6)
  A gargoyle (D:11)
  3 centaur skeletons
  A komodo dragon (Lair:3)
  A rime drake (Lair:6)
  3 polar bears (Lair:6)
  A troll (D:12)
  3 hornets (Lair:6)
  2 dream sheep (Lair:6)
  A snapping turtle (Lair:3)
  A fire giant simulacrum (Vaults:1)
  A frost giant simulacrum (Vaults:1)
  A wraith (Vaults:2)
  7 spriggans (Lair:6)
  A yak (Lair:6)
  2 hogs (Lair:6)
  5 hungry ghosts
  A porcupine (Lair:1)
  A nameless horror (D:8)
  4 orc warriors (Orc:2)
  An ice beast (Vaults:1)
  4 black bears (Lair:6)
  A boggart (Lair:6)
  4 wolves (Lair:6)
  3 ogres
  A crocodile (Lair:1)
  An electric eel (Lair:1)
  2 wights
  An orc wizard (Orc:2)
  3 orc priests (Orc:2)
  A worker ant (D:6)
  10 orcs (Orc:2)
86 creatures vanquished.

Vanquished Creatures (others)
  A frost giant (shapeshifter) (Depths:4)
  A tengu conjurer (Depths:2)
  A wind drake (Depths:4)
  An orc wizard (Orc:2)
  7 ball lightnings (Depths:4)
  2 fungi (Lair:3)
  4 plants
  A withered plant (D:15)
18 creatures vanquished.

Grand Total: 1950 creatures vanquished

Notes
Turn   | Place    | Note
-------+----------+-------------------------------------------
     0 | D:1      | gruber the Demonspawn Ice Elementalist began the quest for
                  | the Orb.
     0 | D:1      | Reached XP level 1. HP: 13/13 MP: 3/3
   118 | D:1      | Reached skill level 4 in Ice Magic
   122 | D:1      | Gained mutation: When hurt, damage is shared between your
                  | health and your magic reserves. [demonic ancestry]
   122 | D:1      | Reached XP level 2. HP: 8/19 MP: 0/5
   925 | D:1      | Gained mutation: You regenerate a little health from kills.
                  | [demonic ancestry]
   925 | D:1      | Reached XP level 3. HP: 14/24 MP: 2/6
  1877 | D:2      | Reached skill level 5 in Ice Magic
  1892 | D:2      | Learned a level 3 spell: Frozen Ramparts
  2032 | D:2      | Gained mutation: You regenerate health from kills. [demonic
                  | ancestry]
  2032 | D:2      | Reached XP level 4. HP: 23/30 MP: 5/7
  2544 | D:3      | Found a faded altar of an unknown god.
  3094 | D:3      | Found a shimmering blue altar of Sif Muna.
  3107 | D:3      | Gained mutation: You regenerate magic rapidly. [demonic
                  | ancestry]
  3107 | D:3      | Reached XP level 5. HP: 5/35 MP: 1/8
  3355 | D:3      | Reached skill level 6 in Ice Magic
  3617 | D:4      | Learned a level 4 spell: Hailstorm
  3700 | D:4      | Noticed an ogre
  3714 | D:4      | Killed an ogre
  3714 | D:4      | Gained mutation: You are partially covered in molten
                  | scales. (AC +2) [demonic ancestry]
  3714 | D:4      | Reached XP level 6. HP: 41/41 MP: 6/11
  3924 | D:4      | Found Moewkal's Magic Scroll Shop.
  3927 | D:4      | Bought a scroll of teleportation for 39 gold pieces
  3927 | D:4      | Bought a scroll of identify for 26 gold pieces
  4035 | D:4      | Found a glowing drain.
  4053 | D:4      | Reached skill level 5 in Spellcasting
  4069 | D:4      | Gained mutation: You are mostly covered in molten scales.
                  | (AC +3) [demonic ancestry]
  4069 | D:4      | Reached XP level 7. HP: 44/46 MP: 10/14
  4083 | Sewer    | Entered a sewer
  4132 | Sewer    | Noticed Purgy
  4142 | Sewer    | Killed Purgy
  4487 | D:4      | Found a glowing golden altar of the Shining One.
  4523 | D:5      | Entered Level 5 of the Dungeon
  5020 | D:5      | Found Panobo's Antique Weapon Shop.
  5182 | D:5      | Reached skill level 7 in Ice Magic
  5417 | D:5      | Found a staircase to the Ecumenical Temple.
  5582 | Temple   | Entered the Ecumenical Temple
  5882 | D:6      | Reached XP level 8. HP: 52/52 MP: 13/17
  5915 | D:6      | Found a radiant altar of Vehumet.
  5915 | D:6      | Found an ancient bone altar of Kikubaaqudgha.
  5916 | D:6      | Found a shimmering blue altar of Sif Muna.
  5922 | D:6      | Identified Sif Muna's Grimoire of Calling
  5932 | D:6      | Became a worshipper of Vehumet
  6194 | D:6      | Learned a level 4 spell: Summon Ice Beast
  6385 | D:6      | Reached skill level 8 in Ice Magic
  6460 | D:6      | Found Viewkeump's Armour Shoppe.
  6467 | D:6      | Bought a +1 pair of gloves of strength for 231 gold pieces
  6529 | D:6      | Noticed Maggie
  6534 | D:6      | Noticed a nameless horror
  6539 | D:6      | Killed a nameless horror
  6548 | D:6      | Killed Maggie
  6667 | D:6      | Found a blossoming altar of Fedhas.
  6730 | D:6      | Reached skill level 9 in Ice Magic
  6759 | D:6      | Reached * piety under Vehumet
  6759 | D:6      | Offered knowledge of Magic Dart by Vehumet.
  6942 | D:6      | Found a runed translucent door.
  6943 | D:6      | Noticed Crazy Yiuf
  7092 | D:6      | Killed Crazy Yiuf
  7139 | D:7      | Found Qievi's Antique Armour Shop.
  7402 | D:7      | Noticed Prince Ribbit
  7407 | D:7      | Killed Prince Ribbit
  7407 | D:7      | Reached skill level 1 in Summonings
  7430 | D:7      | Found a large runed translucent door.
  7430 | D:7      | Found a large runed translucent door.
  7434 | D:7      | Noticed gruber's ghost (amateur DsBe)
  7732 | D:7      | Gained mutation: You have a pair of small horns on your
                  | head. [demonic ancestry]
  7732 | D:7      | Reached XP level 9. HP: 56/57 MP: 16/18
  7813 | D:8      | Found an opulent altar of Gozag.
  7890 | D:8      | Found Ichuteeb's Magic Scroll Shop.
  7928 | D:8      | Offered knowledge of Searing Ray by Vehumet.
  7928 | D:8      | Reached skill level 10 in Ice Magic
  7932 | D:8      | Learned a level 2 spell: Searing Ray
  7962 | D:8      | Found a hide-covered altar of Uskayaw.
  8100 | D:8      | Reached ** piety under Vehumet
  8564 | D:8      | Found an iron altar of Okawaru.
  8578 | D:8      | Found a stormy altar of Qazlal.
  8578 | D:8      | Found a shadowy altar of Dithmenos.
  8578 | D:8      | Found a sacrificial altar of Ru.
  8876 | D:9      | Found a staircase to the Lair.
  8918 | D:9      | Offered knowledge of Conjure Flame by Vehumet.
  8925 | D:9      | Reached *** piety under Vehumet
  8972 | D:9      | Found a staircase to the Orcish Mines.
  9160 | D:9      | Offered knowledge of Inner Flame by Vehumet.
  9594 | D:9      | Gained mutation: You have a pair of horns on your head.
                  | [demonic ancestry]
  9594 | D:9      | Reached XP level 10. HP: 63/63 MP: 16/22
  9799 | D:6      | Bought a +0 buckler for 63 gold pieces
 10008 | D:9      | Reached skill level 1 in Shields
 10248 | D:10     | Entered Level 10 of the Dungeon
 10578 | D:10     | Reached **** piety under Vehumet
 10954 | D:10     | Reached skill level 5 in Shields
 10954 | D:10     | Offered knowledge of Lee's Rapid Deconstruction by Vehumet.
 11127 | D:11     | Found an opulent altar of Gozag.
 11253 | D:11     | Reached skill level 1 in Fighting
 11472 | D:11     | Reached skill level 5 in Fighting
 11486 | D:11     | Found Hiecw's Food Shop.
 11595 | D:11     | Noticed a cyclops
 11608 | D:11     | Killed a cyclops
 11645 | D:11     | Reached XP level 11. HP: 81/81 MP: 23/23
 11669 | D:11     | Noticed an orc knight
 11669 | D:11     | Noticed a centaur warrior
 11684 | D:11     | Noticed a two-headed ogre
 11689 | D:11     | Noticed an ogre mage
 11723 | D:11     | Noticed Maurice
 11731 | D:11     | Killed Maurice
 11770 | D:11     | Reached ***** piety under Vehumet
 11770 | D:11     | Offered knowledge of Freezing Cloud by Vehumet.
 11778 | D:11     | Learned a level 6 spell: Freezing Cloud
 11868 | D:11     | Noticed an anaconda
 12058 | Lair:1   | Entered Level 1 of the Lair of Beasts
 13108 | Lair:2   | Reached skill level 1 in Conjurations
 13175 | Lair:2   | Found a staircase to the Snake Pit.
 13520 | Lair:2   | Reached skill level 5 in Conjurations
 14136 | Lair:3   | Reached XP level 12. HP: 93/93 MP: 11/24
 14548 | Lair:3   | Found a staircase to the Shoals.
 14957 | Lair:4   | Noticed a six-headed hydra
 14964 | Lair:4   | Killed a six-headed hydra
 15103 | Lair:4   | Reached skill level 10 in Conjurations
 15823 | Lair:5   | Noticed a six-headed hydra
 15836 | Lair:5   | Killed a six-headed hydra
 15873 | Lair:5   | Found a staircase to the Slime Pits.
 15873 | Lair:5   | Found a viscous altar of Jiyva.
 15877 | Lair:5   | Reached skill level 11 in Ice Magic
 16074 | Lair:5   | Noticed a seven-headed hydra
 16093 | Lair:5   | Killed a seven-headed hydra
 16656 | Lair:6   | Entered Level 6 of the Lair of Beasts
 16685 | Lair:6   | Reached skill level 12 in Ice Magic
 16900 | Lair:6   | Offered knowledge of Fireball by Vehumet.
 16903 | Lair:6   | Gained mutation: You are completely covered in molten
                  | scales. (AC +4, rF+) [demonic ancestry]
 16903 | Lair:6   | Reached XP level 13. HP: 98/98 MP: 10/25
 17309 | Lair:6   | Reached skill level 13 in Ice Magic
 17603 | Lair:6   | Noticed Kirke
 17613 | Lair:6   | Killed Kirke
 18308 | Orc:1    | Entered Level 1 of the Orcish Mines
 18537 | Orc:2    | Entered Level 2 of the Orcish Mines
 18576 | Orc:2    | Reached skill level 1 in Armour
 18687 | Orc:2    | Found a staircase to the Elven Halls.
 19070 | Orc:1    | Offered knowledge of Ozocubu's Refrigeration by Vehumet.
 19078 | Orc:1    | Reached skill level 5 in Armour
 19954 | Orc:2    | Noticed an orc warlord
 19984 | Orc:2    | Killed an orc warlord
 20150 | Orc:2    | Learned a level 6 spell: Ozocubu's Refrigeration
 20170 | Orc:2    | Reached skill level 14 in Ice Magic
 20170 | Orc:2    | Reached XP level 14. HP: 105/105 MP: 8/26
 20220 | Orc:2    | Found Heiguipya's Antique Armour Shop.
 20220 | Orc:2    | Found Riefaocays's Antique Weapon Shop.
 20369 | Orc:2    | Reached ****** piety under Vehumet
 20474 | Orc:2    | Found Bodom's General Store.
 20484 | Orc:2    | Found Dutekant's Jewellery Boutique.
 20491 | Orc:2    | Bought a fading ring mail for 207 gold pieces
 20502 | Orc:2    | Bought a cursed ring of teleportation for 54 gold pieces
 20619 | Orc:2    | Identified a scroll of acquirement
 20620 | Orc:2    | Acquired 1330 gold pieces
 21204 | D:12     | Found Mossuegie's Armour Emporium.
 21207 | D:12     | Found Surph's Magic Scroll Emporium.
 21210 | D:12     | Bought 2 scrolls of acquirement for 1560 gold pieces
 21210 | D:12     | Bought a scroll of identify for 30 gold pieces
 21210 | D:12     | Bought a scroll of identify for 30 gold pieces
 21210 | D:12     | Bought a scroll of identify for 30 gold pieces
 21210 | D:12     | Identified the +1 ring mail "Vikkeb" {rElec Str-3 Dex+5
                  | Stlth+} (You bought it in a shop on level 2 of the Orcish
                  | Mines)
 21212 | D:12     | Acquired a scarf of resistance
 21225 | D:12     | Acquired 580 gold pieces
 21264 | D:12     | Found Yrubbas's Antique Weapon Boutique.
 21272 | D:12     | Bought a polished flail for 238 gold pieces
 21272 | D:12     | Identified the +10 flail "Oviuhi" {vorpal, rN++} (You
                  | bought it in a shop on level 12 of the Dungeon)
 21286 | D:12     | Offered knowledge of Conjure Ball Lightning by Vehumet.
 21418 | D:12     | Found a shadowy altar of Dithmenos.
 21464 | D:12     | Found Deleaf's Food Shoppe.
 21754 | D:12     | Found a runed translucent gate.
 21759 | D:12     | Found a runed translucent gate.
 21759 | D:12     | Found a runed translucent gate.
 21761 | D:12     | Noticed TotesWizzard's ghost (journeyman DsBe)
 21884 | D:12     | Found Lohiv's Jewellery Shop.
 21927 | D:12     | Reached skill level 15 in Ice Magic
 21973 | D:12     | Reached skill level 1 in Maces & Flails
 22718 | D:13     | You fall into a shaft and drop 2 floors!
 22718 | D:15     | Entered Level 15 of the Dungeon
 22918 | D:13     | Reached skill level 5 in Maces & Flails
 23100 | D:13     | Found a hide-covered altar of Uskayaw.
 23776 | D:14     | Reached skill level 10 in Spellcasting
 23930 | D:14     | Offered knowledge of Bolt of Magma by Vehumet.
 23952 | D:14     | Found a gate to the Vaults.
 23953 | D:14     | Found the amulet of the Air {Inacc +Fly rElec EV+5 RMsl}
 24084 | D:15     | Reached XP level 15. HP: 110/110 MP: 27/29
 24351 | D:15     | Found a staircase to the Depths.
 24655 | D:15     | Found a portal to a secret trove of treasure.
 25607 | Snake:1  | Entered Level 1 of the Snake Pit
 26551 | Snake:2  | Noticed a nagaraja
 26555 | Snake:2  | Killed a nagaraja
 26781 | Snake:2  | Noticed a nagaraja
 26784 | Snake:2  | Offered knowledge of Lightning Bolt by Vehumet.
 26786 | Snake:2  | Killed a nagaraja
 26974 | Snake:2  | Reached skill level 10 in Shields
 26984 | Snake:2  | Noticed a nagaraja
 27135 | Snake:2  | Killed a nagaraja
 27517 | Snake:3  | Noticed Louise
 27640 | Shoals:1 | Entered Level 1 of the Shoals
 27748 | Shoals:1 | Reached XP level 16. HP: 101/117 MP: 4/32
 27950 | Shoals:1 | Found Canulubb's Antique Armour Shoppe.
 28732 | Shoals:2 | Offered knowledge of Iron Shot by Vehumet.
 29870 | Shoals:3 | Found a runed translucent door.
 29871 | Shoals:3 | Noticed ioannis32's ghost (adept DsBe)
 29966 | Shoals:3 | Reached skill level 16 in Ice Magic
 30357 | Shoals:3 | Learned a level 6 spell: Iron Shot
 30874 | Shoals:4 | Entered Level 4 of the Shoals
 31039 | Shoals:4 | Offered knowledge of Shatter by Vehumet.
 31039 | Shoals:4 | Offered knowledge of Tornado by Vehumet.
 31039 | Shoals:4 | Offered knowledge of Ignition by Vehumet.
 31118 | Shoals:4 | Reached XP level 17. HP: 118/122 MP: 11/33
 31519 | Shoals:4 | Got a pitted shortbow
 31520 | Shoals:4 | Identified the +9 shortbow "Falerir" {flame, rF+ SInv} (You
                  | found it on level 4 of the Shoals)
 31783 | Shoals:4 | Reached skill level 17 in Ice Magic
 32103 | Shoals:4 | Got a barnacled rune of Zot
 32770 | Vaults:1 | Entered Level 1 of the Vaults
 32848 | Vaults:1 | Noticed Donald
 32852 | Vaults:1 | Killed Donald
 33442 | Vaults:1 | Reached skill level 18 in Ice Magic
 34256 | Vaults:1 | Reached skill level 1 in Earth Magic
 35096 | Vaults:2 | Gained mutation: You regenerate a lot of health from kills.
                  | [demonic ancestry]
 35096 | Vaults:2 | Reached XP level 18. HP: 129/129 MP: 25/34
 35100 | Vaults:2 | Reached skill level 5 in Earth Magic
 36519 | Snake:3  | Noticed Aizul
 36524 | Snake:3  | Killed Aizul
 36575 | Snake:3  | Killed Louise
 36749 | Snake:3  | Noticed Nikola
 36752 | Snake:3  | Reached skill level 10 in Earth Magic
 36762 | Snake:3  | Killed Nikola
 37086 | Snake:3  | Noticed Vashnia
 37091 | Snake:3  | Reached skill level 5 in Dodging
 37092 | Snake:3  | Killed Vashnia
 37806 | Snake:3  | Reached XP level 19. HP: 131/135 MP: 17/35
 38095 | Snake:4  | Entered Level 4 of the Snake Pit
 38289 | Snake:4  | Reached skill level 1 in Evocations
 38567 | Snake:4  | Reached skill level 5 in Evocations
 38857 | Snake:4  | Noticed Mara
 38870 | Snake:4  | Noticed gruber's illusion
 39275 | Vaults:2 | Found a staircase to the Crypt.
 39924 | Vaults:2 | Learned a level 8 spell: Ignition
 40302 | Vaults:3 | Reached skill level 10 in Evocations
 40328 | Vaults:3 | Reached skill level 1 in Fire Magic
 40855 | Vaults:3 | Reached skill level 5 in Fire Magic
 41116 | Vaults:3 | Paralysed by a great orb of eyes for 2 turns
 41169 | Vaults:3 | Gained mutation: You have a pair of large horns on your
                  | head. [demonic ancestry]
 41169 | Vaults:3 | Reached XP level 20. HP: 141/141 MP: 14/36
 42170 | Vaults:3 | Learned a level 3 spell: Recall
 42209 | Vaults:4 | Reached skill level 1 in Translocations
 42871 | Vaults:4 | Reached skill level 5 in Translocations
 42909 | Vaults:4 | Paralysed by an ogre mage for 4 turns
 44388 | Vaults:4 | Gained mutation: Your flesh is cold resistant. (rC+)
                  | [demonic ancestry]
 44388 | Vaults:4 | Reached XP level 21. HP: 147/147 MP: 26/39
 45231 | Depths:1 | Entered Level 1 of the Depths
 45237 | Depths:1 | Found a gateway to Hell.
 45310 | Depths:1 | Paralysed by an ogre mage for 6 turns
 45323 | D:15     | Reached skill level 15 in Spellcasting
 46771 | Depths:2 | Found a one-way gate leading to the halls of Pandemonium.
 47091 | Depths:2 | Found the +4 robe of Augmentation {Str+4 Int+4 Dex+4}
 48145 | Depths:3 | Found a blossoming altar of Fedhas.
 48393 | Depths:3 | Noticed a juggernaut
 48413 | Depths:3 | Killed a juggernaut
 48413 | Depths:3 | Reached skill level 10 in Fire Magic
 48413 | Depths:3 | Gained mutation: When low on magic, you restore magic in
                  | place of health. [demonic ancestry]
 48413 | Depths:3 | Reached XP level 22. HP: 122/153 MP: 11/43
 48510 | Depths:3 | Found the +6 Majin-Bo {vamp, Archmagi MP+6 Int+6}
 48619 | Depths:3 | Reached skill level 1 in Staves
 49509 | Depths:4 | Reached skill level 5 in Staves
 50269 | Depths:4 | HP: 1/153 [+5 mace of protection (7)]
 50275 | Depths:4 | You fall into a shaft and drop 1 floor!
 50275 | Depths:5 | Entered Level 5 of the Depths
 50276 | Depths:5 | Hit by a large rock thrown by a stone giant

Illustrated notes

Levels and vault maps discovered:
D:1:      matt_arrival_diagonals, layout_loops_ring
D:2:      layout_loops_corners, grunt_ministairs_14
D:3:      layout_loops_ring, first_ration, chequers_ecumenical_altar_twisty,
          led_sif_book
D:4:      layout_basic, kennysheep_little_box, serial_shops,
          kennysheep_mini_moat, portal_sewer_entry_c
D:5:      kennysheep_slugbush, layout_loops_cross, lemuel_temple_firewalk_a,
          serial_shops, shop, grunt_ministairs_2
D:6:      corexii_shantytown, layout_basic, grunt_temple_overflow_magic_moments,
          fedhas_altar_1, serial_shops, shop, minmay_manual_mullet, uniq_maggie,
          uniq_crazy_yiuf_cottage
D:7:      layout_cave_pools, serial_shops, shop, ebering_ghost_disaster_area,
          the_bakery, hangedman_abyss_or_decor_passed, roderic_batcave,
          uniq_prince_ribbit1
D:8:      layout_loops_corners, grunt_gozag_breadcrumbs,
          nicolae_overflow_crystal_walls, grunt_temple_overflow_open,
          serial_shops, shop_scrolls, serial_bayou_pond_e
D:9:      layout_roguey, lair_entry_dummy, hiddenorc1_lemuel,
          minmay_stone_trees_small
D:10:     layout_roguey
D:11:     layout_loops_ring, basic_altar, serial_shops,
          nicolae_shop_statue_plus, minmay_misc_feat_alley, minivault_12,
          uniq_maurice
D:12:     minmay_wizard_corner, layout_stronghold, serial_shops,
          nicolae_shop_stone, shop, shop, nicolae_shop_trees,
          nicolae_shop_behind_doors, gammafunk_ghost_spectres,
          nicolae_dithmenos_shadow_blocks
D:13:     layout_loops_ring, basic_altar
D:14:     layout_big_octagon, lightli_vaults_fourway_checkpoint,
          chequers_serial_rivers_small_a
D:15:     gammafunk_depths_entry_grave, layout_gridville, chequers_mini_garden,
          nicolae_trove_entry_crossroad
Temple:   pf_slime_end_temple
Lair:1:   layout_long_grid, infiniplex_staircase_pool, lemuel_fruit_tree
Lair:2:   layout_roguey, minmay_snake_entry_six_corridors
Lair:3:   layout_gridlike, minmay_shoals_entry_hut
Lair:4:   layout_hall_layers, columned_hall_lemuel
Lair:5:   layout_cave_pods, slime_altar_1, serial_bayou_shore_b
Lair:6:   minmay_lair_end_enchanted_forest, layout_cave_pods,
          chequers_serial_rivers_micro_b, minmay_stone_trees_medium,
          infiniplex_staircase_pool_2, lemuel_fruit_fields, uniq_kirke
Shoals:1: layout_shoals, serial_shops, nicolae_shop_trees
Shoals:2: cheibrodos_shoals_roost, layout_shoals
Shoals:3: layout_shoals, gammafunk_ghost_grave
Shoals:4: shoals_end_hangedman, layout_shoals, overgrown_hall
Snake:1:  layout_gridlike, nicolae_snake_lava_pool
Snake:2:  layout_rooms
Snake:3:  minmay_snake_river, layout_onion, grunt_megastairs_2, uniq_louise,
          uniq_vashnia, uniq_aizul, uniq_nikola
Snake:4:  grunt_snake_rune_pools, layout_cave_town, serial_shops,
          nicolae_shop_waterfront, serial_bayou_shore_b, uniq_mara
Orc:1:    layout_diamond_mine
Orc:2:    st_orc_congregation, layout_caves
Vaults:1: nicolae_vaults_network_s, nicolae_vaults_sealed_display, v_rooms_1,
          vaults_room_grunt_arrival_ludios, nicolae_vaults_border_crossing,
          serial_ice_b, layout_vaults_omnigrid, uniq_donald
Vaults:2: hangedman_vaults_corner, nicolae_vaults_network_quinsquares
          [nicolae_vaults_network_quincunx_subvault,
          nicolae_vaults_network_quincunx_subvault,
          nicolae_vaults_network_quincunx_subvault,
          nicolae_vaults_network_quincunx_subvault],
          ontoclasm_vaults_ring_square, nicolae_vaults_network_periphery,
          nicolae_vaults_diagonal_hallway_6, minmay_crypt_entry_simple_box,
          grunt_vaults_funnel, v_alt_pattern_6, ontoclasm_vaults_twist,
          st_check, vaults_dpeg_diagonal, vaults_room_corners,
          vaults_room_hallway, layout_vaults_chaotic_city
Vaults:3: v_rooms_4, nicolae_vaults_little_squares_3, st_smaller_cells,
          vaults_standard_mumra_x, nicolae_vaults_big_angled_halls,
          nicolae_vaults_diagonal_hallway_6, v_alt_pattern_4,
          ontoclasm_vaults_spin, ontoclasm_vaults_decontamination, v_pattern_4,
          grunt_vaults_trifunnel, nicolae_vaults_stairing_the_circle,
          layout_vaults_omnibox
Vaults:4: hangedman_vaults_stretched_pinwheel, nicolae_vaults_rhombus_7,
          st_lines, vaults_room_large_hall, vaults_room_door_hall,
          hangedman_vaults_restitches, v_misc_17, v_misc_11, v_misc_3,
          grunt_vaults_swirl, hangedman_vaults_restitches, layout_vaults_ring
Depths:1: layout_cave_pools, hell_entry, corexii_leaking_fountain,
          minmay_statues_item, nrook_mini_backslash, minivault_22, st_stairs_9,
          minmay_misc_feat_four_crosses, hangedman_cracks_in_the_wall
Depths:2: minmay_ambush_box, layout_cave_shapes, rand_demon_pan_entry_3,
          hex_medium, hell_entry, grunt_ministairs_8,
          infiniplex_staircase_spiral_double
Depths:3: minmay_the_grid_triangle_9x9_recursive_2_mashed
          [minmay_the_grid_triangle_9x9_prize_top_heavy,
          minmay_the_grid_triangle_9x9_shrine,
          minmay_the_grid_triangle_9x9_checkered,
          minmay_the_grid_triangle_9x9_corrupted_corridor], layout_basic,
          pf_coc_iceberg, serial_co_window_serial, co_window_of_opportunity_a,
          co_window_corner_a, co_window_corner_a, co_window_paths_a,
          co_window_paths_a, co_window_broadway_b, co_window_broadway_b,
          co_window_2corner, co_window_4corner_b, glass_columns_b,
          glass_columns_c, chequers_serial_rivers_micro_d, pan_entry
Depths:4: radiant_caverns_a_rkd, hell_entry, abyss_entry
Depths:5: evilmike_zot_entry_gauntlet, layout_long_grid,
          hangedman_decor_slide_cut, grunt_hell_entry_demonic_statue

Skill      XL: |  1  2  3  4  5  6  7  8  9 10 11 12 13 14 15 16 17 18 19 20 21 22 |
---------------+-------------------------------------------------------------------+-----
Ice Magic      | 4 5 6 7 9 10 12 14 15 16 18 | 18.7
Spellcasting   | 3 5 6 8 10 12 14 17 | 17.1
Summonings     | 1 4 |  4.3
Shields        | 6 11 13 | 13.0
Fighting       | 5 8 |  8.3
Conjurations   | 8 10 | 10.0
Armour         | 7 |  7.3
Maces & Flails | 5 |  5.0
Earth Magic    | 4 10 | 10.0
Dodging        | 7 8 |  8.1
Evocations     | 10 | 10.1
Fire Magic     | 6 9 10 | 10.6
Translocations | 6 |  6.0
Staves         | 8 |  8.8
Stealth        | |  1.7
Unarmed Combat | |  0.3

Action                   |  1- 3 |  4- 6 |  7- 9 | 10-12 | 13-15 | 16-18 | 19-21 | 22-24 || total
-------------------------+-------+-------+-------+-------+-------+-------+-------+-------++-------
Melee: Dagger            |    20 |       |       |       |       |       |       |       ||    20
       Unarmed           |     8 |       |       |       |       |       |       |       ||     8
       Short sword       |    23 |   123 |   133 |       |       |       |       |       ||   279
       Staff             |       |       |    92 |    23 |   152 |    46 |    80 |       ||   393
       Rapier            |       |       |    80 |   158 |       |       |       |       ||   238
       Headbutt          |       |       |    19 |    37 |    42 |    11 |    23 |     5 ||   137
       Flail             |       |       |       |       |    63 |    31 |    27 |       ||   121
       Quarterstaff      |       |       |       |       |       |       |       |    11 ||    11
 Cast: Freeze            |    37 |     3 |    19 |    58 |    74 |     7 |     8 |       ||   206
       Frozen Ramparts   |       |    19 |    78 |    70 |    68 |    36 |    38 |     8 ||   317
       Summon Ice Beast  |       |       |    14 |    69 |    96 |    21 |     5 |     4 ||   209
       Hailstorm         |       |       |    12 |    88 |    93 |    12 |     1 |       ||   206
       Searing Ray       |       |       |     1 |       |    23 |    34 |     3 |    28 ||    89
       Freezing Cloud    |       |       |       |       |    13 |     5 |     9 |     2 ||    29
       Ozocubu's Refrige |       |       |       |       |   192 |   422 |   392 |    55 ||  1061
       Iron Shot         |       |       |       |       |       |       |   114 |    81 ||   195
Evoke: Wand              |       |       |     3 |     1 |       |     3 |    10 |     5 ||    22
       Staff of energy   |       |       |       |       |       |       |     2 |       ||     2
  Use: Potion            |       |       |     2 |       |       |       |       |     3 ||     5
       Scroll            |       |       |       |    15 |    16 |     7 |     3 |     2 ||    43
 Stab: Sleeping          |     2 |     4 |     6 |     4 |       |       |       |       ||    16
       Distracted        |     1 |       |       |     1 |     2 |     3 |     1 |       ||     8
  Eat: Chunk             |     1 |     8 |    21 |    30 |    35 |    31 |    22 |     7 ||   155
       Ration            |     1 |       |     1 |       |     3 |       |     3 |       ||     8
Armor: Robe              |    12 |    22 |   137 |    69 |    13 |       |       |       ||   253
       Troll leather arm |       |       |       |       |    86 |    28 |    66 |    12 ||   192
Dodge: Dodged            |    62 |   100 |   223 |   178 |   349 |   180 |   282 |    92 ||  1466
       Repelled          |       |       |       |       |     9 |    52 |    25 |     8 ||    94
Block: Buckler           |       |       |       |    73 |   131 |     4 |       |       ||   208
       Kite shield       |       |       |       |       |       |   203 |   237 |     6 ||   446
